[Event "42nd Olympiad Baku 2016 Women"]
[Site "Baku"]
[Date "2016.09.02"]
[Round "1.21"]
[White "Padmini, Rout"]
[Black "Stojkovska, Monika"]
[Result "1-0"]
[ECO "C15"]
[WhiteElo "2408"]
[BlackElo "2033"]
[PlyCount "87"]
[EventDate "2016.??.??"]
[EventCountry "AZE"]
[WhiteTeam "Indien"]
[BlackTeam "Mazedonien"]
[WhiteTeamCountry "IND"]
[BlackTeamCountry "MKD"]
[TimeControl "40/5400+30:1800+30"]
[WhiteClock "0:31:37"]
[BlackClock "0:21:37"]

1. e4 {(00:00} e6 {(00:00} 2. d4 {(00:04} d5 {(
00:01} 3. Nc3 {(00:39} Bb4 {(00:28} 4. Nge2 {(00:49}
dxe4 {(04:44} 5. a3 {(00:15} Bxc3+ {(01:02} 6. Nxc3 {
(00:08} Ne7 {(03:44} 7. Nxe4 {(02:27} Nbc6 {(04:
28} 8. c3 {(01:23} e5 {(11:10} 9. Bc4 {(06:49} Bf5 {
(09:55} 10. Ng5 {(23:39} Bg6 {(05:55} 11. d5 {(
04:03} Na5 {(07:39} 12. Ba2 {(01:24} b6 {(04:31} 13.
O-O {(13:51} O-O {(06:12} 14. Qe2 {(22:12} e4 {(
21:11} 15. h4 {(09:04} h6 {(04:49} 16. Nh3 {(02:10}
Nb7 {(03:23} 17. Nf4 {(00:32} Bh7 {(03:33} 18. Rd1 {
(02:27} Nc5 {(03:31} 19. Be3 {(06:20} Nd3 {(00:
47} 20. Nxd3 {(00:48} exd3 {(00:03} 21. Qg4 {(00:23}
Nf5 {(00:48} 22. Rxd3 {(00:15} Qxh4 {(01:39} 23. Qxh4 {
(00:15} Nxh4 {(00:03} 24. Rdd1 {(00:14} g5 {(01:
44} 25. f3 {(00:31} Nf5 {(00:20} 26. Bf2 {(00:07} Rfe8
{(00:38} 27. Rd2 {(00:47} Kf8 {(00:37} 28. c4 {(
00:19} Rad8 {(00:31} 29. c5 {(00:27} f6 {(00:29} 30.
Rc1 {(00:17} b5 {(00:28} 31. b4 {(02:18} Bg8 {(
00:19} 32. Bb1 {(00:24} Re5 {(00:36} 33. d6 {(00:21}
cxd6 {(00:37} 34. Bxf5 {(00:39} Rxf5 {(00:04} 35. cxd6
{(00:15} Bc4 {(00:56} 36. Bxa7 {(00:15} Re5 {(
00:16} 37. Bc5 {(00:23} Rd7 {(00:39} 38. a4 {(00:07}
Re8 {(00:37} 39. Kf2 {(00:16} h5 {(00:23} 40. a5 {
(00:00} Ra8 {(00:00} 41. Re1 {(00:52} Kg8 {(08:
32} 42. Re7 {(01:13} Rad8 {(02:27} 43. Rxd7 {(00:35}
Rxd7 {(00:04} 44. a6 {(00:06} 1-0

[Event "42nd Olympiad Baku 2016 Women"]
[Site "Baku"]
[Date "2016.09.02"]
[Round "1.2"]
[White "Paikidze, Nazi"]
[Black "Nasriddinzoda, Marvorii"]
[Result "1-0"]
[ECO "E06"]
[WhiteElo "2366"]
[BlackElo "2073"]
[PlyCount "109"]
[EventDate "2016.??.??"]
[EventCountry "AZE"]
[WhiteTeam "Vereinigte Staaten"]
[BlackTeam "Tadschikistan"]
[WhiteTeamCountry "USA"]
[BlackTeamCountry "TJK"]
[TimeControl "40/5400+30:1800+30"]
[WhiteClock "0:23:29"]
[BlackClock "0:00:21"]

1. d4 {(00:00} Nf6 {(00:00} 2. c4 {(00:00} e6 {(
00:00} 3. g3 {(00:00} d5 {(00:25} 4. Nf3 {(00:00} Be7
{(00:40} 5. Bg2 {(00:00} O-O {(00:09} 6. O-O {(
00:03} dxc4 {(00:32} 7. Qc2 {(00:06} a6 {(00:15} 8. a4
{(00:06} b6 {(06:13} 9. Qxc4 {(13:07} Bb7 {(02:
11} 10. Bf4 {(00:17} Bd6 {(02:41} 11. Bg5 {(19:03}
Nbd7 {(11:14} 12. Nc3 {(00:36} h6 {(02:49} 13. Bxf6 {
(05:52} Nxf6 {(06:23} 14. Ne5 {(00:46} Bxg2 {(
01:09} 15. Kxg2 {(00:05} c5 {(04:22} 16. Nf3 {(07:49}
Qc7 {(03:25} 17. dxc5 {(08:53} Qxc5 {(03:04} 18. Qa2 {
(01:13} Qc6 {(24:07} 19. Rac1 {(05:01} Qb7 {(02:
25} 20. Qb3 {(00:10} Rfd8 {(01:56} 21. Rfd1 {(04:34}
Bc5 {(06:02} 22. h3 {(04:28} Rac8 {(02:59} 23. Rxd8+ {
(02:13} Rxd8 {(00:02} 24. Qc4 {(00:34} Rd4 {(02:
16} 25. Qb3 {(01:32} Rd7 {(02:26} 26. Qc2 {(01:10} e5
{(05:41} 27. Qf5 {(04:01} e4 28. Ne5 {(00:35} e3+ {
(05:10} 29. f3 {(00:50} Rd2 {(00:44} 30. Nc4 {(
01:22} Nd5 {(01:06} 31. Nxd5 {(03:14} Qxd5 {(01:11}
32. Qxd5 {(00:45} Rxd5 {(00:07} 33. f4 {(02:25} b5 {
(00:52} 34. axb5 {(00:09} axb5 {(00:01} 35. Ne5 {
(00:13} f6 {(02:07} 36. Nd3 {(00:24} Bd4 {(01:
22} 37. Kf3 {(00:39} f5 {(00:41} 38. g4 {(03:10} g6 {
(00:52} 39. Rc7 {(00:27} Kf8 {(00:58} 40. b3 {(
00:00} Kg8 {(00:00} 41. Nb4 {(09:21} Rd6 {(05:51} 42.
gxf5 {(05:19} gxf5 {(01:33} 43. Nc6 {(01:46} Bb6 {
(05:16} 44. Ne7+ {(01:43} Kf8 {(11:15} 45. Rb7 {
(00:37} Re6 {(02:37} 46. Nxf5 {(01:09} b4 {(01:
07} 47. Ng3 {(01:22} Bc5 {(03:12} 48. Ne4 {(00:53} Be7
{(01:06} 49. Kxe3 {(00:55} Kf7 {(01:01} 50. f5 {
(01:11} Ra6 {(01:48} 51. f6 {(00:38} Rxf6 {(00:
46} 52. Nxf6 {(00:37} Kxf6 {(00:35} 53. Kd4 {(01:20}
Ke6 {(01:01} 54. Rb6+ {(00:38} Bd6 {(00:54} 55. e4 {
(00:40} 1-0

[Event "42nd Olympiad Baku 2016 Women"]
[Site "Baku"]
[Date "2016.09.02"]
[Round "1.6"]
[White "Papp, Petra"]
[Black "Shabanaj, Eglantina"]
[Result "1-0"]
[ECO "C78"]
[WhiteElo "2336"]
[BlackElo "1932"]
[PlyCount "107"]
[EventDate "2016.??.??"]
[EventCountry "AZE"]
[WhiteTeam "Ungarn"]
[BlackTeam "Albanien"]
[WhiteTeamCountry "HUN"]
[BlackTeamCountry "ALB"]
[TimeControl "40/5400+30:1800+30"]
[WhiteClock "0:28:50"]
[BlackClock "0:27:04"]

1. e4 {(00:00} e5 {(00:00} 2. Nf3 {(00:00} Nc6 {
(00:15} 3. Bb5 {(00:00} a6 {(00:18} 4. Ba4 {(00:
08} Nf6 {(00:32} 5. O-O {(00:21} b5 {(00:54} 6. Bb3 {
(00:21} Be7 {(00:42} 7. d4 {(07:53} d6 {(07:32}
8. c3 {(02:21} O-O {(00:42} 9. h3 {(02:53} Bb7 {
(03:11} 10. Re1 {(01:44} exd4 {(11:22} 11. cxd4 {
(01:26} Na5 {(01:33} 12. Bc2 {(02:08} Re8 {(07:
54} 13. Nbd2 {(03:03} c5 {(02:37} 14. d5 {(06:36} Nd7
{(04:47} 15. Nf1 {(07:07} Bf6 {(02:19} 16. Rb1 {
(07:09} Nc4 {(02:07} 17. b3 {(05:55} Nce5 {(02:
31} 18. N3h2 {(00:36} Ng6 {(05:25} 19. Ng4 {(08:02}
Bd4 {(02:43} 20. Ng3 {(03:05} Nde5 {(04:43} 21. Ne3 {
(02:09} Bc8 {(06:46} 22. Nef5 {(02:35} Bxf5 {(
01:13} 23. Nxf5 {(01:45} Nh4 {(11:19} 24. Nxd4 {(07:47]
} cxd4 {(00:11} 25. f4 {(01:06} Qb6 {(03:31} 26. fxe5 {
(06:32} d3+ {(00:11} 27. Be3 {(00:30} dxc2 {(00:
52} 28. Bxb6 {(02:40} cxd1=Q {(00:39} 29. Rbxd1 {(00:
08} Rxe5 {(00:30} 30. Bf2 {(00:23} Rh5 {(01:48} 31.
Bg3 {(00:52} Rh6 {(00:18} 32. Rc1 {(00:46} Re8 {
(05:40} 33. Rc6 {(00:52} f5 {(00:40} 34. e5 {(
03:40} f4 {(02:03} 35. exd6 {(04:46} Rd8 {(00:51} 36.
Bxh4 {(06:45} Rxh4 {(00:44} 37. Rxa6 {(01:12} Rh5 {
(00:21} 38. Rd1 {(01:53} Rg5 {(00:18} 39. Kf2 {(
00:30} Rg6 {(00:25} 40. Rb6 {(00:00} Rgxd6 {(00:00}
41. Rxb5 {(01:03} g5 {(01:02} 42. a4 {(00:45} h5 {
(01:22} 43. Rd4 {(01:46} Rc8 {(00:31} 44. Rc4 {(
00:31} Rcd8 {(00:07} 45. a5 {(00:47} Rxd5 {(01:28} 46.
Rxd5 {(00:29} Rxd5 {(00:11} 47. a6 {(00:33} Rd2+ {
(01:44} 48. Ke1 {(00:23} Rd7 {(01:16} 49. Ra4 {(
01:04} Re7+ {(07:33} 50. Kf2 {(01:29} Ra7 {(02:59} 51.
b4 {(00:39} Kf7 {(00:35} 52. b5 {(00:16} Rc7 {(
00:05} 53. a7 {(00:27} Rc2+ {(00:06} 54. Ke1 {(00:19}
1-0

[Event "42nd Olympiad Baku 2016 Women"]
[Site "Baku"]
[Date "2016.09.02"]
[Round "1.12"]
[White "Park, Sunwoo"]
[Black "Otikova, Elina"]
[Result "1-0"]
[ECO "C78"]
[WhiteElo "1626"]
[BlackElo "2051"]
[PlyCount "80"]
[EventDate "2016.??.??"]
[EventCountry "AZE"]
[WhiteTeam "Korea"]
[BlackTeam "Lettland"]
[WhiteTeamCountry "KOR"]
[BlackTeamCountry "LAT"]
[TimeControl "40/5400+30:1800+30"]
[WhiteClock "0:33:31"]

1. e4 {(00:00} e5 {(00:00} 2. Nf3 {(00:00} Nc6 {
(00:00} 3. Bb5 {(00:25} a6 {(00:07} 4. Ba4 {(00:
24} Nf6 {(00:17} 5. O-O {(00:52} b5 {(00:41} 6. Bb3 {
(00:42} Bc5 {(00:08} 7. c3 {(01:00} d6 {(00:17}
8. d4 {(04:27} Bb6 {(00:52} 9. h3 {(05:52} O-O {
(03:20} 10. Re1 {(06:24} h6 {(02:48} 11. Bc2 {(
03:56} Bb7 {(05:19} 12. Be3 {(05:26} exd4 {(14:26} 13.
Nxd4 {(12:04} Nxd4 {(07:12} 14. Bxd4 {(03:24} c5 {
(01:38} 15. Bxf6 {(01:04} Qxf6 {(00:18} 16. Re3 {
(10:15} Rfe8 {(07:26} 17. Rf3 {(10:07} Qe6 {(04:
23} 18. Nd2 {(03:59} Rad8 {(05:42} 19. Qe2 {(05:35} d5
{(14:21} 20. Re1 {(04:42} Re7 {(08:46} 21. e5 {(
02:48} d4 {(01:36} 22. Qd3 {(04:26} g6 {(02:04} 23.
Rf6 {(01:49} Qxf6 {(00:50} 24. exf6 {(00:39} Rxe1+ {
(00:05} 25. Nf1 {(01:28} dxc3 {(04:11} 26. Qg3 {
(05:28} Kh7 {(01:26} 27. Qxc3 {(00:11} Rde8 {(
02:54} 28. Qd3 {(01:13} Bc6 {(04:59} 29. Qd6 {(00:51}
R1e6 {(00:35} 30. Qf4 {(00:27} Be4 {(00:58} 31. Bxe4 {
(01:07} Rxe4 {(00:04} 32. Qd6 {(00:32} R4e6 {(
00:17} 33. Qd7 {(00:05} Kg8 {(00:36} 34. Ne3 {(00:32}
Rd8 {(02:51} 35. Qb7 {(00:49} Red6 {(03:29} 36. Ng4 {
(01:25} R8d7 {(00:28} 37. Qa8+ {(00:30} Rd8 {(
00:21} 38. Qe4 {(00:09} Bc7 {(01:45} 39. g3 {(00:34}
Re6 {(01:12} 40. Nxh6+ {(00:00} Kf8 {(01:18} 1-0

[Event "42nd Olympiad Baku 2016 Women"]
[Site "Baku"]
[Date "2016.09.02"]
[Round "1.14"]
[White "Pavlidou, Ekaterini"]
[Black "Wickramasinghe, Dilhara Ishini"]
[Result "1/2-1/2"]
[ECO "E70"]
[WhiteElo "2140"]
[BlackElo "1750"]
[PlyCount "160"]
[EventDate "2016.??.??"]
[EventCountry "AZE"]
[WhiteTeam "Griechenland"]
[BlackTeam "Sri Lanka"]
[WhiteTeamCountry "GRE"]
[BlackTeamCountry "SRI"]
[TimeControl "40/5400+30:1800+30"]
[WhiteClock "0:02:18"]
[BlackClock "0:00:40"]

1. d4 {(00:00} g6 {(00:04} 2. c4 {(00:00} Bg7 {(
00:15} 3. Nc3 {(00:08} Nf6 {(01:18} 4. e4 {(00:16} d6
{(00:16} 5. Bd3 {(00:22} O-O {(02:33} 6. Nge2 {(
00:18} a6 {(01:53} 7. O-O {(00:32} c6 {(02:31} 8. a4 {
(00:24} a5 {(00:29} 9. h3 {(01:05} Na6 {(03:18}
10. Be3 {(01:23} Nd7 {(01:38} 11. Bb1 {(09:56} e5 {
(02:15} 12. d5 {(03:14} Ndc5 {(03:00} 13. Ra3 {(
04:23} Qc7 {(21:31} 14. Qd2 {(03:22} Rd8 {(02:34} 15.
Kh1 {(03:25} Qb6 {(09:44} 16. Rd1 {(13:01} Qb4 {
(07:37} 17. Ba2 {(01:46} cxd5 {(12:09} 18. exd5 {
(16:26} Bd7 {(13:11} 19. f3 {(04:30} Bf5 {(04:
07} 20. Nc1 {(10:58} e4 {(04:35} 21. f4 {(05:39} Nd3 {
(03:11} 22. Nxd3 {(04:54} exd3 {(00:04} 23. Rb3 {
(06:33} Qxc4 {(01:24} 24. Bb6 {(02:27} Re8 {(01:
12} 25. Rb5 {(01:31} Qc8 {(01:03} 26. Bb1 {(02:06}
Bxc3 {(00:31} 27. Qxc3 {(00:35} Qxc3 {(00:16} 28. bxc3
{(00:06} d2 {(00:42} 29. Bf2 {(00:42} Bd7 {(00:
36} 30. Rb2 {(00:40} Bxa4 {(00:25} 31. Rdxd2 {(00:06}
b5 32. Bd3 {(00:55} Rab8 {(00:57} 33. Re2 {(04:01} Rec8
{(00:36} 34. Bd4 {(00:22} Nc5 {(00:27} 35. Bb1 {
(00:10} Nb3 {(00:36} 36. Bf6 {(00:06} Nc5 {(00:
28} 37. Kh2 {(01:16} b4 {(00:26} 38. cxb4 {(00:07}
axb4 {(00:05} 39. f5 {(00:46} b3 {(00:18} 40. Bd4 {
(00:00} Na6 {(00:00} 41. fxg6 {(07:18} hxg6 {(
01:29} 42. Bf6 {(02:51} Rb4 {(04:13} 43. Rbd2 {(02:48}
Nc7 {(07:59} 44. Bb2 {(02:49} Nb5 {(07:26} 45. Rd3 {
(00:25} Rf4 {(02:42} 46. Rg3 {(03:16} Nd4 {(07:
24} 47. Rd2 {(02:27} Nc2 {(03:04} 48. Rg4 {(02:02}
Rxg4 {(00:39} 49. hxg4 {(00:05} Re8 {(00:43} 50. Bxc2 {
(04:08} bxc2 {(00:03} 51. Rd4 {(01:38} Bd7 {(00:
55} 52. Rc4 {(01:16} Rc8 {(00:24} 53. Rxc8+ {(01:29}
Bxc8 {(00:01} 54. g5 {(01:45} Bb7 {(00:25} 55. Kg3 {
(01:06} Bxd5 {(00:06} 56. Kf2 {(00:25} Be4 {(00:
13} 57. g3 {(00:43} Kf8 {(00:45} 58. Ke3 {(00:36} d5 {
(00:18} 59. Kd4 {(00:40} Ke7 {(00:13} 60. Ke5 {(
00:49} Kd7 {(00:47} 61. Ba3 {(02:36} Kc6 {(00:17} 62.
Kd4 {(00:11} Kb5 {(00:33} 63. Kc3 {(00:13} Kb6 {
(01:34} 64. Kd4 {(00:42} Ka6 {(00:33} 65. Kc3 {(
00:42} Kb5 {(00:25} 66. Bb2 {(00:42} Ka4 {(00:29} 67.
Bc1 {(00:12} Bf5 {(00:14} 68. Bb2 {(00:52} d4+ {
(00:43} 69. Kxd4 {(00:24} Kb3 {(00:05} 70. Bc1 {
(00:04} Ka2 {(00:09} 71. Kc3 {(00:17} Kb1 {(00:
07} 72. Kd2 {(00:03} Be4 {(01:42} 73. Ba3 {(00:16} Ka2
{(00:11} 74. Bc1 {(00:08} Kb3 {(00:10} 75. Ke3 {
(00:25} Bf5 {(00:29} 76. Kd4 {(00:32} Kb4 {(00:
33} 77. Bd2+ {(00:55} Kb5 {(00:22} 78. Bc1 {(00:18}
Kc6 {(00:11} 79. Ba3 {(00:16} Kb5 {(01:29} 80. Kc3 {
(00:47} Ka4 {(01:00} 1/2-1/2

[Event "42nd Olympiad Baku 2016 Women"]
[Site "Baku"]
[Date "2016.09.02"]
[Round "1.10"]
[White "Petrenko, Svetlana"]
[Black "Al-khulaifi, Fatima A"]
[Result "1-0"]
[ECO "D00"]
[WhiteElo "2176"]
[BlackElo "1584"]
[PlyCount "40"]
[EventDate "2016.??.??"]
[EventCountry "AZE"]
[WhiteTeam "Moldowa"]
[BlackTeam "Katar"]
[WhiteTeamCountry "MDA"]
[BlackTeamCountry "QAT"]
[TimeControl "40/5400+30:1800+30"]
[WhiteClock "0:38:05"]
[BlackClock "0:00:50"]

1. d4 {(00:00} d5 {(00:00} 2. Bf4 {(00:00} Bf5 {
(00:10} 3. e3 {(01:20} Nc6 {(01:16} 4. a3 {(00:
33} e6 {(02:28} 5. Nf3 {(00:32} Nf6 {(05:41} 6. b4 {
(08:36} Ne4 {(10:10} 7. Bd3 {(03:30} g5 {(05:03]
} 8. Bxe4 {(12:01} dxe4 {(28:38} 9. Nxg5 {(01:27} Rg8 {
(03:48} 10. g4 {(07:23} Bg6 {(23:10} 11. Nd2 {(
06:51} Bd6 {(07:09} 12. Bxd6 {(00:47} cxd6 {(02:41}
13. Ngxe4 {(01:36} d5 {(00:54} 14. Ng3 {(01:02} Rc8 {
(00:40} 15. Rc1 {(01:07} b5 {(01:02} 16. Qe2 {(
04:54} Qb6 {(02:48} 17. O-O {(05:11} Ke7 {(00:56} 18.
c3 {(01:21} f5 {(01:16} 19. g5 {(01:21} Nd8 {(
00:50} 20. Nb3 {(02:23} Nf7 1-0

[Event "42nd Olympiad Baku 2016 Women"]
[Site "Baku"]
[Date "2016.09.02"]
[Round "1.21"]
[White "Pham, Le Thao Nguyen"]
[Black "Bahji, Hind"]
[Result "1-0"]
[ECO "D00"]
[WhiteElo "2338"]
[BlackElo "1948"]
[PlyCount "93"]
[EventDate "2016.??.??"]
[EventCountry "AZE"]
[WhiteTeam "Vietnam"]
[BlackTeam "Marokko"]
[WhiteTeamCountry "VIE"]
[BlackTeamCountry "MAR"]
[TimeControl "40/5400+30:1800+30"]
[WhiteClock "0:23:26"]
[BlackClock "0:19:45"]

1. d4 {(00:00} d5 {(00:36} 2. Bf4 {(00:39} Nf6 {
(01:13} 3. e3 {(00:25} e6 {(00:47} 4. Nd2 {(00:
54} Be7 {(06:03} 5. Bd3 {(01:39} Nbd7 {(02:36} 6. c3 {
(04:21} O-O {(05:30} 7. Ngf3 {(08:55} Re8 {(12:
35} 8. h3 {(02:46} Bd6 {(07:11} 9. Ne5 {(03:25} Qe7 {
(01:09} 10. g4 {(11:47} Nf8 {(00:23} 11. g5 {(
06:13} N6d7 {(00:04} 12. h4 {(01:23} Bxe5 {(19:39} 13.
Bxe5 {(20:41} Nxe5 {(08:52} 14. dxe5 {(00:10} Bd7 {
(01:07} 15. Qg4 {(03:37} c5 {(01:59} 16. h5 {(
02:46} Bc6 {(02:09} 17. Rh4 {(02:19} Red8 {(07:09} 18.
Qg3 {(09:14} Rac8 {(03:34} 19. Ke2 {(06:28} Qe8 {
(06:56} 20. a4 {(06:11} Rc7 {(03:11} 21. Nf3 {(
01:51} d4 {(03:18} 22. exd4 {(01:56} Bxf3+ {(00:08}
23. Qxf3 {(00:40} cxd4 {(00:28} 24. Rxd4 {(01:45} Rxd4
{(00:23} 25. cxd4 {(00:03} Qd8 {(01:19} 26. Qf4 {
(00:37} Rd7 {(00:24} 27. Ke3 {(00:45} Qb6 {(01:
30} 28. Rc1 {(00:40} Qxb2 {(00:32} 29. Rc8 {(00:28}
Qb4 {(00:20} 30. Qe4 {(01:32} Qe1+ {(01:06} 31. Be2 {
(00:28} Qb4 {(00:11} 32. Bd3 {(00:36} Qe1+ {(00:
01} 33. Be2 {(00:23} Qb4 {(00:17} 34. Bd3 {(00:43}
Qe1+ {(00:02} 35. Be2 {(00:27} Qb4 {(00:06} 36. Rc4 {
(00:25} Qb3+ {(01:25} 37. Qd3 {(00:27} Qxd3+ {(
00:39} 38. Bxd3 {(00:10} f6 {(02:11} 39. g6 {(00:48}
hxg6 {(00:55} 40. hxg6 {(00:00} fxe5 {(00:00} 41. dxe5
{(00:36} Rd5 {(02:51} 42. f4 {(01:04} Rd8 {(08:
52} 43. Rc7 {(00:56} b6 {(02:42} 44. Rxa7 {(05:11} Nd7
{(00:02} 45. Bc4 {(00:35} Nc5 {(00:17} 46. f5 {(
00:32} Kf8 {(00:33} 47. fxe6 {(02:33} 1-0

[Event "42nd Olympiad Baku 2016 Women"]
[Site "Baku"]
[Date "2016.09.02"]
[Round "1.13"]
[White "Pourkashiyan, Atousa"]
[Black "Figueroa, Julissa"]
[Result "1-0"]
[ECO "B43"]
[WhiteElo "2335"]
[BlackElo "1787"]
[PlyCount "47"]
[EventDate "2016.??.??"]
[EventCountry "AZE"]
[WhiteTeam "Iran"]
[BlackTeam "Guatemala"]
[WhiteTeamCountry "IRI"]
[BlackTeamCountry "GUA"]
[TimeControl "40/5400+30:1800+30"]
[WhiteClock "0:12:46"]
[BlackClock "0:45:01"]

1. e4 {(00:00} c5 {(00:00} 2. Nf3 {(00:00} e6 {(
00:00} 3. d4 {(00:00} cxd4 {(00:05} 4. Nxd4 {(00:00}
a6 {(00:07} 5. Nc3 {(00:33} Qc7 {(00:28} 6. Be2 {
(00:42} Nf6 {(01:21} 7. O-O {(00:23} Bc5 {(00:
31} 8. Bg5 {(06:12} Nc6 {(04:57} 9. Nxc6 {(12:45} Qxc6
{(01:28} 10. Qd3 {(18:03} Qd6 {(06:27} 11. Qf3 {
(04:48} Qe5 {(00:46} 12. Bf4 {(01:30} Qd4 {(01:
58} 13. Rad1 {(07:02} Qb4 {(00:12} 14. e5 {(01:14} Nd5
{(05:45} 15. Nxd5 {(07:02} exd5 {(00:08} 16. Rxd5 {
(01:54} O-O {(01:13} 17. Bd3 {(09:12} d6 {(03:
14} 18. exd6 {(02:28} Be6 {(00:43} 19. Rg5 {(07:44} g6
{(07:43} 20. Qg3 {(01:37} Rad8 {(12:20} 21. Bxg6 {
(05:17} fxg6 {(06:09} 22. Rxg6+ {(00:27} Kf7 {(
00:22} 23. Rg7+ {(00:07} Ke8 {(00:32} 24. Re7# {(00:14]
} 1-0

[Event "42nd Olympiad Baku 2016 Women"]
[Site "Baku"]
[Date "2016.09.02"]
[Round "1.24"]
[White "Prasad, Tanvi"]
[Black "Kakulidis, Ellen"]
[Result "0-1"]
[ECO "E21"]
[WhiteElo "1339"]
[BlackElo "1928"]
[PlyCount "50"]
[EventDate "2016.??.??"]
[EventCountry "AZE"]
[WhiteTeam "Fidschi"]
[BlackTeam "Dänemark"]
[WhiteTeamCountry "FIJ"]
[BlackTeamCountry "DEN"]
[TimeControl "40/5400+30:1800+30"]
[WhiteClock "1:21:29"]
[BlackClock "0:24:56"]

1. d4 {(00:00} e6 {(00:00} 2. c4 {(00:00} Nf6 {(
00:00} 3. Nc3 {(00:11} Bb4 {(00:34} 4. Nf3 {(00:59}
O-O {(01:31} 5. Bd2 {(00:22} d5 {(02:01} 6. e3 {
(01:15} c6 {(08:09} 7. b3 {(01:55} Nbd7 {(02:09]
} 8. Bd3 {(01:19} Qe7 {(04:38} 9. O-O {(00:28} Bd6 {
(12:22} 10. e4 {(01:12} dxe4 {(05:24} 11. Nxe4 {
(00:35} Nxe4 {(02:12} 12. Bxe4 {(00:19} h6 {(02:
17} 13. Re1 {(00:59} Nf6 {(04:51} 14. d5 {(01:11} Nxe4
{(05:42} 15. Rxe4 {(00:20} Qc7 {(05:46} 16. dxe6 {
(00:59} Bxe6 {(01:29} 17. Bc3 {(01:26} Rad8 {(
02:04} 18. Qf1 {(00:41} Bf5 {(09:17} 19. Ree1 {(00:42}
Bd3 {(03:08} 20. Re2 {(02:11} Bxe2 {(01:01} 21. Qxe2 {
(00:09} Rfe8 {(00:26} 22. Qd3 {(01:19} Bxh2+ {(
00:24} 23. Kf1 {(00:33} Rxd3 {(00:21} 24. Bb2 {(01:23}
Qd7 {(01:26} 25. g3 {(00:33} Qh3# {(00:22} 0-1

[Event "42nd Olympiad Baku 2016 Women"]
[Site "Baku"]
[Date "2016.09.02"]
[Round "1.9"]
[White "Ptacnikova, Lenka"]
[Black "Shahudha, Mohammed"]
[Result "1-0"]
[ECO "D30"]
[WhiteElo "2159"]
[BlackElo "1022"]
[PlyCount "65"]
[EventDate "2016.??.??"]
[EventCountry "AZE"]
[WhiteTeam "Island"]
[BlackTeam "Malediven"]
[WhiteTeamCountry "ISL"]
[BlackTeamCountry "MDV"]
[TimeControl "40/5400+30:1800+30"]
[WhiteClock "0:36:53"]
[BlackClock "0:10:17"]

1. d4 {(00:00} d5 {(00:00} 2. c4 {(00:00} e6 {(
00:31} 3. Nf3 {(01:31} Nc6 {(03:27} 4. e3 {(07:23} Nf6
{(05:13} 5. Nc3 {(00:38} Ne4 {(05:07} 6. Nxe4 {(
01:50} dxe4 {(00:42} 7. Nd2 {(00:19} Bb4 {(04:15} 8.
Qg4 {(06:01} O-O {(05:45} 9. Qxe4 {(03:48} Bxd2+ {
(09:10} 10. Bxd2 {(00:26} f5 {(04:30} 11. Qc2 {(
02:51} Bd7 {(10:13} 12. Bd3 {(04:15} Qe7 {(03:10} 13.
a3 {(00:48} Rad8 {(02:07} 14. f4 {(06:39} b6 {(
02:38} 15. O-O-O {(01:30} a5 {(04:35} 16. g4 {(01:52}
Qf7 {(06:14} 17. Rhg1 {(02:03} g6 {(04:50} 18. Bc3 {
(00:27} Rfe8 {(03:27} 19. Rg3 {(07:28} Re7 {(04:
55} 20. d5 {(05:42} exd5 {(01:04} 21. cxd5 {(01:03}
Qxd5 {(02:35} 22. Bf6 {(05:16} Rde8 {(02:37} 23. Bc4 {
(00:21} Qf7 {(01:10} 24. Bxf7+ {(04:56} Rxf7 {(
00:27} 25. Rxd7 {(00:38} Rxd7 {(00:24} 26. Qxc6 {(00:
18} Red8 {(02:31} 27. Bxd8 {(00:28} Rxd8 {(00:11} 28.
gxf5 {(00:21} Rd3 {(01:09} 29. Qc4+ {(00:17} Kg7 {
(01:31} 30. Qxd3 {(00:07} c5 {(00:14} 31. fxg6 {
(00:06} b5 {(00:32} 32. gxh7+ {(00:07} Kh8 {(00:
29} 33. Rg8# {(00:08} 1-0

[Event "42nd Olympiad Baku 2016 Women"]
[Site "Baku"]
[Date "2016.09.02"]
[Round "1.18"]
[White "Puuska, Heini"]
[Black "Uuriintuya, Uurtsaikh"]
[Result "1/2-1/2"]
[ECO "E83"]
[WhiteElo "1926"]
[BlackElo "2228"]
[PlyCount "85"]
[EventDate "2016.??.??"]
[EventCountry "AZE"]
[WhiteTeam "Finnland"]
[BlackTeam "Mongolei"]
[WhiteTeamCountry "FIN"]
[BlackTeamCountry "MGL"]
[TimeControl "40/5400+30:1800+30"]
[WhiteClock "0:22:59"]
[BlackClock "0:42:08"]

1. d4 {(00:00} Nf6 {(00:00} 2. c4 {(00:14} g6 {(
00:00} 3. Nc3 {(00:09} Bg7 {(00:00} 4. e4 {(00:22} d6
{(00:00} 5. f3 {(00:42} O-O {(00:06} 6. Be3 {(
01:04} Nc6 {(01:08} 7. Nge2 {(08:16} a6 {(02:42} 8.
Qd2 {(05:56} Bd7 {(01:32} 9. Rc1 {(09:24} Rb8 {(
12:36} 10. Nd1 {(02:30} b5 {(05:05} 11. c5 {(01:19}
Re8 {(03:30} 12. Nf2 {(06:40} h5 {(10:53} 13. Nd3 {
(15:57} e5 {(05:37} 14. d5 {(07:10} Nd4 {(02:19]
} 15. c6 {(07:03} Bc8 {(00:13} 16. Nf2 {(05:42} Kh7 {
(08:50} 17. Kd1 {(05:24} b4 {(03:53} 18. Nxd4 {(
02:01} exd4 {(00:13} 19. Bxd4 {(00:58} Bh6 {(00:25}
20. Be3 {(03:20} Bxe3 {(02:27} 21. Qxe3 {(00:08} b3 {
(00:17} 22. a3 {(03:59} Rb6 {(08:26} 23. Bc4 {(
02:26} a5 {(00:20} 24. h3 {(03:38} Qe7 {(01:52} 25.
Qc3 {(03:11} a4 {(01:43} 26. g4 {(00:50} h4 {(
00:35} 27. Nd3 {(02:01} Ba6 {(02:49} 28. Bxa6 {(00:52}
Rxa6 {(00:04} 29. Qe1 {(01:09} Ng8 {(05:33} 30. Rg1 {
(00:33} Qf6 {(00:25} 31. Qf2 {(00:24} g5 {(00:
28} 32. Re1 {(01:06} Qg6 {(01:18} 33. Qd4 {(00:26} f6
{(04:44} 34. Rc4 {(00:14} Ne7 {(00:28} 35. Kc1 {
(00:57} Ra5 {(02:43} 36. Rd1 {(00:27} Rea8 {(00:
27} 37. Ne1 {(00:39} Qf7 {(01:02} 38. Qc3 {(00:33} Ng6
{(00:24} 39. Nd3 {(00:12} Ne5 {(01:46} 40. Nxe5 {
(00:00} fxe5 {(00:00} 41. Qe3 {(02:52} Kg6 {(00:
56} 42. Rd3 {(05:27} Rb5 {(01:03} 43. Rdc3 {(02:16}
1/2-1/2